 Dungeon Crawl Stone Soup version 0.31-a0-675-g238779eb0a (webtiles) character file.

Game seed: 618584667708858846

177 qw the Shooter (level 5, 0/32 HPs)
             Began as a Gargoyle Hunter on Sept 5, 2023.
             Slain by an orc priest
             ... wielding a +0 trident
              (4 damage)
             ... on level 3 of the Dungeon.
             The game lasted 00:00:56 (2284 turns).

qw the Shooter (Gargoyle Hunter)                    Turns: 2284, Time: 00:00:57

Health: 0/32       AC:  9    Str: 15    XL:     5   Next: 57%
Magic:  5/5        EV: 11    Int:  9    God:
Gold:   172        SH:  0    Dex: 15    Spells: 4/4 levels left

rFire   . . .        Y - +0 shortbow
rCold   . . .        (shield currently unavailable)
rNeg    + . .        e - +0 ring mail
rPois   inf          (no helmet)
rElec   +            (no cloak)
rCorr   .            (no gloves)
SInv    .            (no boots)
Will    .....        (no amulet)
Stlth   +            (no ring)
HPRegen 0.25/turn    (no ring)
MPRegen 0.09/turn

%: no passive effects
@: no status effects
A: sickness immunity, AC +4, negative energy resistance 1, electricity
resistance, torment resistance 1, petrification resistance
a: no special abilities


You were on level 3 of the Dungeon.
You visited 1 branch of the dungeon, and saw 3 of its levels.

You collected 172 gold pieces.


Innate Abilities, Weirdness & Mutations

You are immune to sickness and miasma.
Your stone body is resilient. (AC +4)
You are immune to poison.
You resist negative energy. (rN+)
You are resistant to electric shocks. (rElec)
You are resistant to unholy torment.
You are immune to petrification.


   Skills:
 + Level 3.1 Fighting
 - Level 6.2 Ranged Weapons
 - Level 1.0 Armour
 - Level 1.5 Dodging
 - Level 1.1 Stealth


You had 4 spell levels left.
You didn't know any spells.
Your spell library was empty.

Inventory:

Hand Weapons
 Y - a +0 shortbow (weapon)
Armour
 e - a +0 ring mail (worn)
 f - a +2 robe of willpower
Scrolls
 b - 2 scrolls of enchant armour
 g - a scroll of identify
 i - a scroll of enchant weapon {unknown}
Potions
 a - a potion of magic {unknown}
 c - a potion of berserk rage {unknown}
 d - a potion of enlightenment {unknown}
 h - a potion of curing {unknown}
 j - 2 potions of resistance {unknown}

Dungeon Overview and Level Annotations

Branches:
Dungeon (3/15)

Altars:
Ashenzari
Yredelemnul


Message History

You kill the orc!
An orc wizard comes into view. It is wielding a +0 dagger.
2271 ||| Stepping ~*~*~tactically~*~*~ (outnumbered).
The orc wizard shouts!
2273 ||| Stepping ~*~*~tactically~*~*~ (outnumbered).
The orc wizard gestures wildly while chanting.
The orc wizard flickers and vanishes!
Deactivating autopickup; reactivate with Ctrl-A.
The orc priest barely misses you.
You shoot an arrow. The arrow hits the orc priest!
The orc priest is heavily wounded.
The orc priest hits you from afar with a +0 trident.
You shoot an arrow.
The arrow closely misses the orc priest.
The orc priest hits you but does no damage.
You hear some strange, mumbled words.
You are confused.
The orc priest barely misses you. The orc priest barely misses you.
Something hits you.
The orc priest looks encouraged for a moment.
Something hits you but does no damage.
The orc priest mumbles some strange prayers to Beogh against you.
Beogh smites you! Something hits you but does no damage.
The orc priest hits you from afar with a +0 trident.
Something hits you but does no damage.
The orc priest calls down the wrath of Beogh upon you.
Beogh smites you! Something hits you.
The orc priest hits you from afar with a +0 trident.
You feel less confused.
You hear some strange, mumbled words.
Something tries to affect you, but you resist.
The orc priest closely misses you.
You shoot an arrow. The arrow hits the orc priest.
The orc priest is almost dead.
Something hits you but does no damage.
The orc priest hits you from afar with a +0 trident.
You die...

#..####)####..###
##..##.....##..#
#...#.......#..#
#.#.#.......#..#
#.#....._......#
#...#.......#..#
##..#.......#.##
#..##.....##.#
#..####.####@#
#............{o.)...
#.####.........#####
#.# #.........# #.#
####......# #####.#
######## ...##.#
...##.# ...##.#


You could see an orc priest.

Vanquished Creatures
  Jessica (D:3)
  Natasha (thrice) (D:3)
  An adder (D:2)
  2 worms (D:2)
  3 orcs (D:3)
  4 bats
  5 endoplasms
  3 giant cockroaches
  8 goblins
  4 hobgoblins (D:1)
  3 jackals (D:1)
  2 quokkas
  2 ball pythons (D:2)
  3 frilled lizards
  7 kobolds
  10 rats
61 creatures vanquished.

Notes
Turn   | Place    | Note
-------+----------+-------------------------------------------
     0 | D:1      | qw the Gargoyle Hunter began the quest for the Orb.
     0 | D:1      | Reached XP level 1. HP: 12/12 MP: 1/1
     0 | D:1      | 0 ||| qw: Version: 0.3-a-75-gb5c8c4b
     0 | D:1      | 0 ||| qw: Game counter: 15
     0 | D:1      | 0 ||| qw: Melee chars always use a shield: true
     0 | D:1      | 0 ||| qw: God list: Okawaru
     0 | D:1      | 0 ||| qw: Allow faded altars: false
     0 | D:1      | 0 ||| qw: Do Orc after clearing Dungeon:15 true
     0 | D:1      | 0 ||| qw: Do second Lair branch before Depths: true
     0 | D:1      | 0 ||| qw: Lair rune preference: random
     0 | D:1      | 0 ||| qw: Goals: Normal
     0 | D:1      | 0 ||| PLANNING D:1-11
   106 | D:1      | Reached XP level 2. HP: 13/17 MP: 2/2
   550 | D:1      | Reached XP level 3. HP: 21/21 MP: 3/3
   709 | D:1      | 709 ||| UPGRADING to +0 ring mail.
   719 | D:1      | 719 ||| DROPPING +0 leather armour.
   720 | D:1      | 720 ||| READING 2 scrolls labelled YTEHAOBERU.
   721 | D:1      | 721 ||| READING scroll labelled GEXYQI GUUDEFY.
   722 | D:1      | 722 ||| READING scroll labelled OVYAN GECRISCH.
   723 | D:1      | 723 ||| READING scroll labelled RIGICZ XEFFI.
   727 | D:1      | 727 ||| DROPPING scroll of blinking.
   728 | D:1      | 728 ||| DROPPING scroll of butterflies.
   786 | D:2      | Found a basalt altar of Yredelemnul.
   803 | D:2      | Reached skill level 1 in Armour
   843 | D:2      | Reached skill level 5 in Ranged Weapons
  1185 | D:2      | Reached XP level 4. HP: 19/27 MP: 4/4
  1356 | D:2      | Reached skill level 3 in Fighting
  1422 | D:2      | 1422 ||| READING 3 scrolls labelled TIEWIO FERR.
  1423 | D:2      | 1423 ||| READING scroll labelled DERREB OCZOP.
  1424 | D:2      | 1424 ||| READING scroll labelled ETUTU WONTUPP.
  1525 | D:2      | 1525 ||| READING scroll labelled SIUNIN METHRUTE.
  1526 | D:2      | 1526 ||| READING 2 scrolls labelled ZUACOUNTOE.
  1627 | D:3      | Noticed Natasha
  1629 | D:3      | 1629 ||| Stepping ~*~*~tactically~*~*~ (outnumbered).
  1631 | D:3      | 1631 ||| Stepping ~*~*~tactically~*~*~ (outnumbered).
  1632 | D:3      | 1632 ||| Stepping ~*~*~tactically~*~*~ (outnumbered).
  1638 | D:3      | 1638 ||| Stepping ~*~*~tactically~*~*~ (retreating).
  1639 | D:3      | 1639 ||| Stepping ~*~*~tactically~*~*~ (retreating).
  1643 | D:3      | Killed Natasha
  1735 | D:3      | Noticed Natasha
  1736 | D:3      | 1736 ||| Stepping ~*~*~tactically~*~*~ (outnumbered).
  1740 | D:3      | 1740 ||| Stepping ~*~*~tactically~*~*~ (retreating).
  1748 | D:3      | Killed Natasha
  1760 | D:3      | Reached XP level 5. HP: 18/32 MP: 5/5
  1856 | D:3      | Noticed Natasha
  1867 | D:3      | Killed Natasha
  1971 | D:3      | Noticed Jessica
  1975 | D:3      | Killed Jessica
  1976 | D:3      | Reached skill level 6 in Ranged Weapons
  2106 | D:3      | Found a broken altar of Ashenzari.
  2271 | D:3      | 2271 ||| Stepping ~*~*~tactically~*~*~ (outnumbered).
  2273 | D:3      | 2273 ||| Stepping ~*~*~tactically~*~*~ (outnumbered).
  2281 | D:3      | HP: 5/32 [orc priest/divine providence (7)]
  2284 | D:3      | Slain by an orc priest

Levels and vault maps discovered:
D:1:      dpeg_arrival_ratfight, layout_loops_ring
D:2:      layout_loops_ring, basic_altar, minmay_goblin_kobold_house
D:3:      layout_basic, old_standard_altar,
          nicolae_concentric_dashed_squares_wild, minmay_misc_feat_alley,
          uniq_natasha, uniq_jessica

Skill      XL: |  1  2  3  4  5 |
---------------+----------------+-----
Armour         | 1 |  1.0
Ranged Weapons | 5 6 |  6.2
Fighting       | 3 |  3.1
Dodging        | |  1.5
Stealth        | |  1.1

Action                     |  1- 3 |  4- 6 || total
---------------------------+-------+-------++-------
   Fire: Shortbow          |   144 |    85 ||   229
    Use: Scroll            |     4 |     5 ||     9
 Armour: Leather armour    |    25 |       ||    25
         Ring mail         |     8 |    49 ||    57
  Dodge: Dodged            |    45 |    38 ||    83

Table legend:
 A = Non-vault XP
 B = Vault XP
 C = Vault XP percentage of total XP
 D = Non-vault monster count
 E = Vault monster count
 F = Vault count percentage of total count
                 A         B        C        D         E       F
            +---------+---------+-------+---------+---------+-------
      Total |     176 |      77 |  30.4 |      53 |       8 |  13.1
            +---------+---------+-------+---------+---------+-------
        D:1 |      31 |       5 |  13.9 |      18 |       5 |  21.7
        D:2 |      47 |       2 |   4.1 |      20 |       1 |   4.8
        D:3 |      98 |      70 |  41.7 |      15 |       2 |  11.8
            +---------+---------+-------+---------+---------+-------
